[ AOE2 MATCH · #477591212 ]
UnrankedTupi vs Bulgarians
[ REPLAY ANALYSIS · EXTRACTED FROM THE RECORDED GAME ]
Feudal
15:01
Castle
21:01
Imperial
38:09
| APM avg | 16.0 |
| APM peak | 36 |
| eAPM avg | 12.0 |
| Villagers / military | 134 / 73 |
Focus
⚔️ 39.4% · 🌾 60.6%
Unknown (2582) ×56 · Archer ×40 · Unknown (2579) ×16 · Skirmisher ×15 · Scorpion ×9 · Spearman ×9
Feudal
10:38
Castle
22:24
Imperial
35:12
| APM avg | 16.3 |
| APM peak | 34 |
| eAPM avg | 12.3 |
| Villagers / military | 84 / 88 |
Focus
⚔️ 30.2% · 🌾 69.8%
Militia ×40 · Spearman ×16 · Konnik ×14 · Scout Cavalry ×12 · Trade Cart ×4 · Battering Ram ×4
Feudal
11:50
Castle
16:35
Imperial
31:04
| APM avg | 22.1 |
| APM peak | 75 |
| eAPM avg | 18.8 |
| Villagers / military | 121 / 348 |
Focus
⚔️ 53.5% · 🌾 46.5%
Huskarl ×179 · Spearman ×136 · Militia ×22 · Bombard Cannon ×6 · Monk ×3 · Trebuchet (Packed) ×2
Feudal
10:41
Castle
18:24
Imperial
33:45
| APM avg | 24.3 |
| APM peak | 75 |
| eAPM avg | 14.2 |
| Villagers / military | 136 / 83 |
Focus
⚔️ 18.5% · 🌾 81.5%
Unknown (882) ×80 · Battle Elephant ×80 · Arambai ×2 · Monk ×1
Feudal
11:23
Castle
15:40
Imperial
31:59
| APM avg | 36.7 |
| APM peak | 83 |
| eAPM avg | 21.4 |
| Villagers / military | 158 / 159 |
Focus
⚔️ 41.8% · 🌾 58.2%
Serjeant ×98 · Spearman ×43 · Skirmisher ×12 · Trebuchet (Packed) ×6
Feudal
10:33
Castle
14:04
Imperial
30:35
| APM avg | 30.0 |
| APM peak | 75 |
| eAPM avg | 16.1 |
| Villagers / military | 133 / 153 |
Focus
⚔️ 22.2% · 🌾 77.8%
Hand Cannoneer ×115 · Skirmisher ×10 · Bombard Cannon ×9 · Genoese Crossbowman ×8 · Spearman ×4 · Trebuchet (Packed) ×4
Feudal
11:11
Castle
19:02
Imperial
34:13
| APM avg | 23.4 |
| APM peak | 91 |
| eAPM avg | 11.8 |
| Villagers / military | 117 / 204 |
Focus
⚔️ 26.9% · 🌾 73.1%
Scout Cavalry ×66 · Archer ×56 · Battle Elephant ×37 · Rattan Archer ×20 · Fire Lancer ×18 · Trebuchet (Packed) ×6
Feudal
11:01
Castle
21:45
Imperial
—
| APM avg | 28.4 |
| APM peak | 58 |
| eAPM avg | 18.3 |
| Villagers / military | 125 / 58 |
Focus
⚔️ 14.2% · 🌾 85.8%
Skirmisher ×23 · Tarkan ×19 · Trade Cart ×17 · Spearman ×10 · Battering Ram ×6
Match map
Initial resources + every placement click. Lines = walls · curves = elevation contours. ◆ gold · ⬟ stone · ● berries · ✦ relic · ◌ wall gap
Your base· ✓ Closed at 21:01 · 0t walls · 3 gate(s)
kappael02's base· ✓ Closed at 22:24 · 0t walls · 2 gate(s)
Aqui es GG's base· ✓ Closed at 16:35 · 0t walls · 2 gate(s)
Bittersweet_Ww's base· ✓ Closed at 18:24 · 0t walls · 2 gate(s)
Grimmothy Grams's base· ✓ Closed at 15:40 · 0t walls · 3 gate(s)
sticx's base· ✓ Closed at 14:04 · 1t walls · 3 gate(s)
ageofscarlet's base· ✓ Closed at 19:02 · 0t walls · 3 gate(s)
oZymandias's base· ✓ Closed at 21:45 · 0t walls · 2 gate(s)
Smoothed initial terrain · ◌ = detected wall gap · hover for details
Inputs per minute
— Mavch31 - - kappael02
Build order — Mavch31
First 150 of 416 actions detected
| 0:12 | Build | House |
| 0:21 | Create | Villager (Male) |
| 0:21 | Create | Villager (Male) |
| 0:22 | Create | Villager (Male) |
| 0:22 | Create | Villager (Male) |
| 0:22 | Create | Villager (Male) |
| 0:25 | Research | Loom |
| 0:45 | Build | House |
| 1:48 | Create | Villager (Male) |
| 1:49 | Create | Villager (Male) |
| 2:37 | Create | Villager (Male) |
| 2:38 | Create | Villager (Male) |
| 3:00 | Build | Settlement |
| 3:10 | Create | Villager (Male) |
| 3:10 | Create | Villager (Male) |
| 3:11 | Create | Villager (Male) |
| 3:54 | Create | Villager (Male) |
| 3:54 | Create | Villager (Male) |
| 4:28 | Create | Villager (Male) |
| 4:28 | Create | Villager (Male) |
| 4:50 | Create | Villager (Male) |
| 4:51 | Create | Villager (Male) |
| 5:05 | Build | Settlement |
| 5:14 | Create | Villager (Male) |
| 5:14 | Create | Villager (Male) |
| 6:38 | Create | Villager (Male) |
| 6:39 | Create | Villager (Male) |
| 6:39 | Create | Villager (Male) |
| 6:39 | Create | Villager (Male) |
| 6:39 | Create | Villager (Male) |
| 7:34 | Build | Settlement |
| 8:13 | Create | Villager (Male) |
| 8:13 | Create | Villager (Male) |
| 8:14 | Create | Villager (Male) |
| 8:14 | Create | Villager (Male) |
| 8:54 | Create | Villager (Male) |
| 9:17 | Create | Villager (Male) |
| 9:17 | Create | Villager (Male) |
| 10:46 | Create | Villager (Male) |
| 10:46 | Create | Villager (Male) |
| 10:46 | Create | Villager (Male) |
| 10:47 | Create | Villager (Male) |
| 10:47 | Create | Villager (Male) |
| 11:07 | Build | House |
| 11:08 | Build | House |
| 11:10 | Build | House |
| 11:11 | Build | House |
| 11:37 | Research | Feudal Age |
| 11:40 | Build | Farm |
| 11:48 | Build | Farm |
| 12:27 | Build | Farm |
| 12:36 | Build | Barracks |
| 12:41 | Build | Farm |
| 12:43 | Build | Farm |
| 12:44 | Build | Farm |
| 12:50 | Create | Villager (Male) |
| 12:51 | Create | Villager (Male) |
| 12:51 | Create | Villager (Male) |
| 12:52 | Create | Villager (Male) |
| 12:52 | Create | Villager (Male) |
| 13:19 | Build | Settlement |
| 13:37 | Build | House |
| 13:38 | Build | House |
| 15:01 | Age | Feudal Age |
| 15:12 | Build | Barracks |
| 15:22 | Build | Archery Range |
| 15:29 | Create | Villager (Male) |
| 15:29 | Create | Villager (Male) |
| 15:29 | Create | Villager (Male) |
| 15:58 | Build | Market |
| 16:12 | Build | Farm |
| 16:46 | Build | Farm |
| 16:48 | Build | Farm |
| 17:13 | Build | Blacksmith |
| 17:20 | Build | Farm |
| 17:24 | Research | Castle Age |
| 17:32 | Research | Double-Bit Axe |
| 18:22 | Create | Archer |
| 18:22 | Create | Archer |
| 18:23 | Create | Archer |
| 18:23 | Create | Archer |
| 18:23 | Create | Archer |
| 18:35 | Research | Horse Collar |
| 19:13 | Create | Archer |
| 19:27 | Build | Archery Range |
| 19:31 | Build | Archery Range |
| 19:38 | Research | Fletching |
| 19:39 | Research | Padded Archer Armor |
| 19:43 | Research | Forging |
| 20:13 | Create | Archer |
| 20:14 | Create | Archer |
| 20:14 | Create | Archer |
| 20:18 | Create | Villager (Male) |
| 20:18 | Create | Villager (Male) |
| 20:19 | Create | Villager (Male) |
| 20:38 | Create | Trade Cart |
| 20:38 | Create | Trade Cart |
| 21:01 | Age | Castle Age |
| 21:12 | Create | Villager (Male) |
| 21:12 | Create | Villager (Male) |
| 21:12 | Create | Villager (Male) |
| 21:12 | Create | Villager (Male) |
| 21:24 | Build | Town Center |
| 21:36 | Build | Town Center |
| 21:50 | Create | Villager (Male) |
| 21:50 | Create | Villager (Male) |
| 21:51 | Create | Villager (Male) |
| 22:00 | Create | Archer |
| 22:00 | Create | Archer |
| 22:00 | Create | Archer |
| 22:10 | Build | House |
| 22:11 | Build | House |
| 22:12 | Build | House |
| 22:13 | Build | House |
| 22:15 | Build | House |
| 22:16 | Build | House |
| 22:18 | Build | House |
| 22:19 | Build | House |
| 22:40 | Research | Gold Mining |
| 23:00 | Build | Farm |
| 23:06 | Research | Crossbowman (upgrade) |
| 23:27 | Build | Settlement |
| 23:33 | Create | Villager (Male) |
| 23:33 | Create | Villager (Male) |
| 23:39 | Create | Villager (Male) |
| 23:39 | Create | Villager (Male) |
| 23:55 | Build | Farm |
| 23:58 | Build | Farm |
| 24:01 | Build | Farm |
| 24:05 | Build | Farm |
| 24:14 | Build | Farm |
| 24:17 | Build | Farm |
| 24:23 | Research | Wheelbarrow |
| 24:28 | Build | Farm |
| 24:48 | Create | Villager (Male) |
| 24:48 | Create | Villager (Male) |
| 24:48 | Create | Villager (Male) |
| 24:54 | Create | Archer |
| 24:55 | Create | Archer |
| 24:55 | Create | Archer |
| 24:55 | Create | Archer |
| 24:55 | Create | Archer |
| 24:56 | Create | Archer |
| 24:56 | Create | Archer |
| 24:56 | Create | Archer |
| 25:09 | Build | University |
| 25:19 | Create | Archer |
| 25:19 | Create | Archer |
| 25:20 | Create | Archer |
| 25:20 | Create | Archer |
Build order — kappael02
First 150 of 333 actions detected
| 0:05 | Build | House |
| 0:06 | Build | House |
| 0:07 | Build | House |
| 0:09 | Research | Loom |
| 0:09 | Create | Villager (Male) |
| 0:09 | Create | Villager (Male) |
| 0:09 | Create | Villager (Male) |
| 0:10 | Create | Villager (Male) |
| 2:06 | Create | Villager (Male) |
| 2:29 | Create | Villager (Male) |
| 2:30 | Create | Villager (Male) |
| 3:06 | Create | Villager (Male) |
| 3:06 | Create | Villager (Male) |
| 3:06 | Create | Villager (Male) |
| 3:06 | Create | Villager (Male) |
| 3:39 | Create | Villager (Male) |
| 3:44 | Build | Lumber Camp |
| 3:56 | Create | Villager (Male) |
| 4:57 | Create | Villager (Male) |
| 5:32 | Create | Villager (Male) |
| 5:55 | Build | Mill |
| 6:00 | Create | Villager (Male) |
| 6:04 | Build | House |
| 6:06 | Build | House |
| 6:07 | Build | House |
| 6:08 | Build | House |
| 6:38 | Create | Villager (Male) |
| 6:45 | Create | Villager (Male) |
| 7:20 | Build | Mining Camp |
| 7:38 | Create | Villager (Male) |
| 8:28 | Research | Feudal Age |
| 8:48 | Build | Mill |
| 10:38 | Age | Feudal Age |
| 10:41 | Research | Wheelbarrow |
| 10:42 | Research | Double-Bit Axe |
| 10:45 | Research | Gold Mining |
| 10:53 | Research | Town Watch |
| 11:02 | Create | Villager (Male) |
| 11:31 | Build | Market |
| 11:34 | Create | Villager (Male) |
| 11:51 | Research | Horse Collar |
| 11:53 | Create | Villager (Male) |
| 12:22 | Build | Blacksmith |
| 12:45 | Create | Villager (Male) |
| 13:06 | Build | House |
| 13:07 | Build | House |
| 13:15 | Build | Mining Camp |
| 13:19 | Create | Villager (Male) |
| 13:28 | Research | Stone Mining |
| 13:35 | Build | House |
| 13:36 | Build | House |
| 13:47 | Create | Villager (Male) |
| 13:53 | Build | Farm |
| 14:25 | Build | Barracks |
| 14:30 | Create | Villager (Male) |
| 14:31 | Create | Villager (Male) |
| 14:59 | Build | Farm |
| 15:09 | Create | Villager (Male) |
| 15:16 | Build | Farm |
| 15:20 | Build | House |
| 15:24 | Build | House |
| 15:41 | Build | Stable |
| 15:46 | Build | Farm |
| 15:48 | Create | Villager (Male) |
| 15:50 | Create | Villager (Male) |
| 16:00 | Build | Farm |
| 16:05 | Build | Farm |
| 16:08 | Build | Farm |
| 16:28 | Build | Farm |
| 16:30 | Create | Villager (Male) |
| 16:37 | Build | House |
| 16:39 | Build | House |
| 17:01 | Build | Farm |
| 17:01 | Create | Villager (Male) |
| 17:08 | Build | Farm |
| 17:10 | Create | Villager (Male) |
| 17:26 | Build | House |
| 17:29 | Create | Villager (Male) |
| 17:32 | Build | Farm |
| 17:34 | Create | Villager (Male) |
| 17:42 | Build | House |
| 17:59 | Build | Farm |
| 18:21 | Build | House |
| 18:23 | Build | House |
| 18:26 | Build | Farm |
| 18:32 | Create | Villager (Male) |
| 18:49 | Build | House |
| 18:52 | Build | Farm |
| 19:12 | Create | Villager (Male) |
| 19:15 | Build | Farm |
| 19:44 | Research | Castle Age |
| 20:04 | Build | House |
| 20:10 | Build | House |
| 20:13 | Build | House |
| 20:19 | Build | Farm |
| 20:29 | Research | Arson |
| 20:32 | Research | Forging |
| 21:18 | Research | Scale Mail Armor |
| 21:21 | Create | Militia |
| 21:26 | Research | Bloodlines |
| 21:30 | Build | House |
| 21:32 | Build | House |
| 21:34 | Build | House |
| 21:35 | Build | House |
| 21:56 | Build | Barracks |
| 22:06 | Build | Barracks |
| 22:12 | Research | Scale Barding Armor |
| 22:15 | Create | Militia |
| 22:24 | Age | Castle Age |
| 22:26 | Build | Town Center |
| 22:30 | Research | Hand Cart |
| 22:31 | Create | Villager (Male) |
| 22:31 | Create | Villager (Male) |
| 22:53 | Research | Bow Saw |
| 23:07 | Create | Militia |
| 23:15 | Build | House |
| 23:17 | Build | House |
| 23:37 | Research | Heavy Plow |
| 23:46 | Research | Gambesons |
| 23:54 | Create | Villager (Male) |
| 24:10 | Create | Villager (Male) |
| 24:13 | Build | House |
| 24:17 | Build | House |
| 24:19 | Create | Villager (Male) |
| 24:20 | Create | Villager (Male) |
| 24:38 | Research | Gold Shaft Mining |
| 24:51 | Build | Castle |
| 24:57 | Create | Villager (Male) |
| 24:59 | Create | Villager (Male) |
| 25:08 | Create | Militia |
| 25:11 | Research | Squires |
| 25:16 | Build | House |
| 25:18 | Build | House |
| 25:19 | Build | House |
| 25:28 | Create | Villager (Male) |
| 25:30 | Create | Villager (Male) |
| 25:42 | Build | Town Center |
| 25:48 | Create | Villager (Male) |
| 25:54 | Create | Villager (Male) |
| 25:57 | Create | Villager (Male) |
| 26:02 | Build | House |
| 26:07 | Create | Militia |
| 26:13 | Create | Militia |
| 27:34 | Create | Militia |
| 27:35 | Create | Militia |
| 27:52 | Build | Krepost |
| 27:56 | Create | Villager (Male) |
| 27:56 | Create | Villager (Male) |
| 27:58 | Create | Villager (Male) |
| 27:59 | Create | Villager (Male) |
Build order — Aqui es GG
First 150 of 624 actions detected
| 0:14 | Build | House |
| 0:15 | Create | Villager (Male) |
| 0:15 | Create | Villager (Male) |
| 0:15 | Create | Villager (Male) |
| 0:15 | Create | Villager (Male) |
| 0:28 | Build | House |
| 0:29 | Build | House |
| 0:30 | Build | House |
| 2:03 | Create | Villager (Male) |
| 2:19 | Build | Lumber Camp |
| 2:33 | Create | Villager (Male) |
| 2:59 | Create | Villager (Male) |
| 3:24 | Create | Villager (Male) |
| 3:49 | Create | Villager (Male) |
| 4:06 | Create | Villager (Male) |
| 4:27 | Create | Villager (Male) |
| 4:49 | Create | Villager (Male) |
| 5:11 | Create | Villager (Male) |
| 5:22 | Create | Villager (Male) |
| 5:22 | Create | Villager (Male) |
| 5:58 | Create | Villager (Male) |
| 5:58 | Create | Villager (Male) |
| 5:59 | Create | Villager (Male) |
| 6:10 | Create | Villager (Male) |
| 7:11 | Build | Mill |
| 7:13 | Create | Villager (Male) |
| 7:39 | Build | House |
| 7:53 | Create | Villager (Male) |
| 7:54 | Create | Villager (Male) |
| 8:04 | Build | Mining Camp |
| 8:30 | Build | Mill |
| 8:38 | Create | Villager (Male) |
| 8:55 | Create | Villager (Male) |
| 9:17 | Build | Farm |
| 9:39 | Research | Feudal Age |
| 9:44 | Build | House |
| 9:59 | Build | Farm |
| 10:03 | Build | Farm |
| 10:46 | Build | Mining Camp |
| 11:44 | Create | Villager (Male) |
| 11:44 | Create | Villager (Male) |
| 11:44 | Create | Villager (Male) |
| 11:50 | Age | Feudal Age |
| 12:21 | Build | Market |
| 12:27 | Build | Blacksmith |
| 12:45 | Create | Villager (Male) |
| 13:07 | Build | Farm |
| 13:17 | Create | Villager (Male) |
| 13:34 | Build | Farm |
| 13:47 | Research | Castle Age |
| 13:56 | Build | House |
| 14:05 | Research | Horse Collar |
| 14:25 | Research | Double-Bit Axe |
| 14:37 | Build | Farm |
| 14:56 | Research | Gold Mining |
| 15:34 | Research | Stone Mining |
| 16:26 | Research | Wheelbarrow |
| 16:35 | Age | Castle Age |
| 16:38 | Build | Monastery |
| 16:54 | Create | Villager (Male) |
| 17:23 | Build | Town Center |
| 17:28 | Create | Villager (Male) |
| 17:33 | Create | Monk |
| 17:33 | Create | Monk |
| 17:45 | Build | Farm |
| 18:34 | Create | Villager (Male) |
| 18:34 | Create | Villager (Male) |
| 18:37 | Create | Villager (Male) |
| 18:42 | Build | Farm |
| 18:43 | Create | Villager (Male) |
| 18:45 | Build | Farm |
| 19:13 | Build | Farm |
| 19:15 | Create | Villager (Male) |
| 19:18 | Create | Villager (Male) |
| 19:19 | Create | Villager (Male) |
| 19:33 | Build | Farm |
| 19:43 | Create | Villager (Male) |
| 19:54 | Create | Villager (Male) |
| 20:03 | Build | Town Center |
| 20:11 | Create | Villager (Male) |
| 20:25 | Build | House |
| 20:27 | Create | Monk |
| 20:31 | Build | Farm |
| 20:33 | Create | Villager (Male) |
| 20:37 | Create | Villager (Male) |
| 20:52 | Build | Farm |
| 20:54 | Create | Villager (Male) |
| 21:02 | Create | Villager (Male) |
| 21:08 | Build | House |
| 21:09 | Build | House |
| 21:10 | Build | House |
| 21:18 | Create | Villager (Male) |
| 21:39 | Build | Farm |
| 21:42 | Create | Villager (Male) |
| 21:44 | Create | Villager (Male) |
| 21:45 | Create | Villager (Male) |
| 21:53 | Build | Town Center |
| 21:57 | Build | Farm |
| 22:03 | Build | Farm |
| 22:10 | Create | Villager (Male) |
| 22:14 | Create | Villager (Male) |
| 22:17 | Create | Villager (Male) |
| 22:21 | Build | Farm |
| 22:32 | Build | House |
| 22:33 | Build | House |
| 22:34 | Build | House |
| 22:37 | Create | Villager (Male) |
| 22:42 | Create | Villager (Male) |
| 22:45 | Build | Farm |
| 22:54 | Build | Farm |
| 23:01 | Create | Villager (Male) |
| 23:02 | Create | Villager (Male) |
| 23:05 | Create | Villager (Male) |
| 23:11 | Build | Farm |
| 23:15 | Build | Farm |
| 23:32 | Create | Villager (Male) |
| 23:32 | Create | Villager (Male) |
| 23:34 | Create | Villager (Male) |
| 23:34 | Create | Villager (Male) |
| 23:38 | Build | Farm |
| 23:40 | Create | Villager (Male) |
| 23:43 | Build | Farm |
| 23:45 | Create | Villager (Male) |
| 23:46 | Create | Villager (Male) |
| 24:03 | Build | Castle |
| 24:22 | Build | Farm |
| 24:25 | Build | Farm |
| 24:29 | Build | Farm |
| 24:34 | Build | Farm |
| 24:39 | Create | Villager (Male) |
| 24:39 | Create | Villager (Male) |
| 24:39 | Create | Villager (Male) |
| 24:39 | Create | Villager (Male) |
| 24:40 | Create | Villager (Male) |
| 24:40 | Create | Villager (Male) |
| 24:40 | Create | Villager (Male) |
| 24:40 | Create | Villager (Male) |
| 24:41 | Create | Villager (Male) |
| 24:56 | Build | Lumber Camp |
| 25:12 | Build | Farm |
| 25:14 | Build | Farm |
| 25:16 | Create | Villager (Male) |
| 25:17 | Create | Villager (Male) |
| 25:19 | Create | Villager (Male) |
| 25:20 | Create | Villager (Male) |
| 25:31 | Create | Villager (Male) |
| 25:37 | Build | Town Center |
| 25:41 | Build | Farm |
| 25:50 | Create | Villager (Male) |
| 25:51 | Create | Villager (Male) |
Build order — Bittersweet_Ww
First 150 of 307 actions detected
| 0:01 | Create | Villager (Male) ×4 |
| 0:04 | Build | House |
| 0:05 | Build | House |
| 1:23 | Create | Villager (Male) |
| 1:23 | Create | Villager (Male) |
| 1:58 | Create | Villager (Male) |
| 1:58 | Create | Villager (Male) |
| 2:09 | Create | Villager (Male) |
| 2:10 | Create | Villager (Male) |
| 2:59 | Create | Villager (Male) ×2 |
| 3:04 | Build | Lumber Camp |
| 3:34 | Build | House |
| 3:38 | Build | House |
| 3:56 | Create | Villager (Male) ×3 |
| 3:56 | Create | Villager (Male) ×3 |
| 4:41 | Create | Villager (Male) ×3 |
| 4:42 | Create | Villager (Male) ×3 |
| 5:12 | Build | Mill |
| 5:21 | Create | Villager (Male) |
| 6:05 | Build | House |
| 6:08 | Create | Villager (Male) |
| 6:18 | Create | Villager (Male) |
| 6:22 | Create | Villager (Male) |
| 6:27 | Build | Mill |
| 7:29 | Create | Villager (Male) |
| 7:51 | Build | House |
| 8:28 | Research | Feudal Age |
| 10:34 | Create | Villager (Male) |
| 10:41 | Age | Feudal Age |
| 10:49 | Research | Horse Collar |
| 11:04 | Build | Farm |
| 11:05 | Build | Farm |
| 11:06 | Build | Farm |
| 11:06 | Build | Farm |
| 11:09 | Create | Villager (Male) |
| 11:15 | Build | Lumber Camp |
| 11:17 | Create | Villager (Male) |
| 11:20 | Research | Wheelbarrow |
| 11:20 | Research | Loom |
| 11:29 | Build | House |
| 11:35 | Create | Villager (Male) |
| 11:47 | Build | Mining Camp |
| 11:52 | Create | Villager (Male) |
| 12:13 | Build | Farm |
| 12:16 | Build | Farm |
| 12:25 | Build | Farm |
| 12:33 | Create | Villager (Male) |
| 12:50 | Create | Villager (Male) |
| 13:52 | Build | Farm |
| 13:55 | Build | Farm |
| 13:58 | Create | Villager (Male) |
| 14:09 | Build | Blacksmith |
| 14:30 | Build | Mining Camp |
| 14:46 | Build | Market |
| 15:01 | Build | Farm |
| 15:25 | Build | Farm |
| 15:42 | Research | Castle Age |
| 16:44 | Build | House |
| 16:46 | Build | House |
| 17:32 | Build | House |
| 18:10 | Build | House |
| 18:12 | Create | Villager (Male) |
| 18:24 | Age | Castle Age |
| 18:26 | Create | Villager (Male) |
| 18:30 | Build | Town Center |
| 18:39 | Create | Villager (Male) |
| 18:52 | Build | House |
| 19:03 | Research | Heavy Plow |
| 19:08 | Create | Villager (Male) |
| 19:19 | Build | Town Center |
| 19:25 | Build | House |
| 19:35 | Create | Villager (Male) |
| 19:55 | Create | Villager (Male) |
| 19:59 | Build | Farm |
| 20:09 | Create | Villager (Male) |
| 20:09 | Create | Villager (Male) |
| 20:10 | Create | Villager (Male) |
| 20:10 | Create | Villager (Male) |
| 20:10 | Create | Villager (Male) |
| 21:10 | Build | Castle |
| 21:16 | Create | Villager (Male) ×5 |
| 21:39 | Create | Villager (Male) |
| 21:40 | Create | Villager (Male) |
| 21:40 | Create | Villager (Male) |
| 21:46 | Build | Farm |
| 21:46 | Build | Farm |
| 21:47 | Build | Farm |
| 22:04 | Build | Town Center |
| 22:07 | Create | Villager (Male) |
| 22:07 | Create | Villager (Male) |
| 22:11 | Build | Farm |
| 22:13 | Create | Villager (Male) |
| 22:14 | Create | Villager (Male) |
| 22:30 | Build | Farm |
| 22:53 | Build | Farm |
| 22:55 | Build | Farm |
| 22:58 | Create | Villager (Male) |
| 22:58 | Create | Villager (Male) |
| 22:58 | Create | Villager (Male) |
| 23:03 | Build | Farm |
| 23:18 | Create | Arambai |
| 23:19 | Create | Arambai |
| 24:02 | Build | Mining Camp |
| 24:09 | Build | Farm |
| 24:09 | Build | Farm |
| 24:11 | Create | Villager (Male) ×5 |
| 24:14 | Build | Farm |
| 24:34 | Create | Villager (Male) ×5 |
| 24:38 | Create | Villager (Male) |
| 24:38 | Create | Villager (Male) |
| 24:41 | Build | Farm |
| 24:43 | Build | Farm |
| 24:54 | Build | Farm |
| 24:57 | Create | Villager (Male) |
| 24:57 | Create | Villager (Male) |
| 24:58 | Research | Hand Cart |
| 24:59 | Research | Town Watch |
| 25:05 | Create | Villager (Male) ×5 |
| 25:09 | Build | Farm |
| 25:19 | Build | Farm |
| 25:22 | Build | Farm |
| 25:23 | Build | Farm |
| 25:25 | Create | Villager (Male) ×5 |
| 25:44 | Build | Mining Camp |
| 25:51 | Build | Monastery |
| 25:56 | Create | Villager (Male) ×5 |
| 25:59 | Build | Farm |
| 26:02 | Build | Farm |
| 26:14 | Build | Castle |
| 26:21 | Create | Villager (Male) |
| 26:21 | Create | Villager (Male) |
| 26:21 | Create | Villager (Male) |
| 26:27 | Build | Farm |
| 26:28 | Build | Farm |
| 26:29 | Build | Farm |
| 26:30 | Build | Farm |
| 26:31 | Build | Farm |
| 26:32 | Create | Villager (Male) |
| 26:32 | Create | Villager (Male) |
| 26:33 | Create | Villager (Male) |
| 26:35 | Build | Farm |
| 26:38 | Build | Farm |
| 26:40 | Build | Farm |
| 26:42 | Create | Villager (Male) |
| 26:42 | Create | Villager (Male) |
| 26:45 | Create | Monk |
| 26:49 | Build | House |
| 27:18 | Build | Mill |
| 27:21 | Build | Farm |
| 27:21 | Build | Farm |
Build order — Grimmothy Grams
First 150 of 489 actions detected
| 0:00 | Create | Villager (Male) |
| 0:01 | Create | Villager (Male) |
| 0:01 | Create | Villager (Male) |
| 0:01 | Create | Villager (Male) |
| 0:03 | Build | House |
| 0:06 | Build | House |
| 1:39 | Create | Villager (Male) |
| 2:01 | Build | Lumber Camp |
| 2:02 | Create | Villager (Male) |
| 2:02 | Create | Villager (Male) |
| 2:19 | Create | Villager (Male) |
| 2:42 | Create | Villager (Male) |
| 2:42 | Create | Villager (Male) |
| 3:02 | Create | Villager (Male) |
| 3:32 | Create | Villager (Male) |
| 4:04 | Build | House |
| 4:05 | Build | House |
| 4:10 | Build | Mill |
| 4:12 | Create | Villager (Male) |
| 4:27 | Create | Villager (Male) |
| 4:27 | Create | Villager (Male) |
| 4:48 | Create | Villager (Male) |
| 5:10 | Create | Villager (Male) |
| 5:10 | Create | Villager (Male) |
| 5:40 | Create | Villager (Male) |
| 5:53 | Create | Villager (Male) |
| 6:10 | Create | Villager (Male) |
| 6:36 | Build | Lumber Camp |
| 6:54 | Create | Villager (Male) |
| 6:57 | Build | Farm |
| 7:01 | Build | Farm |
| 7:17 | Create | Villager (Male) |
| 7:37 | Create | Villager (Male) |
| 7:38 | Create | Villager (Male) |
| 8:15 | Build | Mining Camp |
| 8:27 | Build | Mill |
| 9:13 | Research | Feudal Age |
| 9:22 | Build | House |
| 9:24 | Build | House |
| 10:16 | Create | Villager (Male) |
| 10:16 | Create | Villager (Male) |
| 11:17 | Build | Farm |
| 11:23 | Age | Feudal Age |
| 11:24 | Create | Villager (Male) |
| 11:29 | Build | Market |
| 11:33 | Build | Blacksmith |
| 11:51 | Build | Farm |
| 12:14 | Create | Villager (Male) |
| 12:14 | Create | Villager (Male) |
| 12:19 | Build | Farm |
| 12:23 | Build | Farm |
| 12:27 | Build | Farm |
| 13:00 | Research | Castle Age |
| 13:29 | Research | Double-Bit Axe |
| 14:18 | Research | Fletching |
| 14:32 | Build | Donjon |
| 14:39 | Build | Mining Camp |
| 14:49 | Create | Villager (Male) |
| 14:50 | Create | Villager (Male) |
| 15:39 | Create | Villager (Male) |
| 15:40 | Age | Castle Age |
| 15:44 | Build | Town Center |
| 15:48 | Research | Bow Saw |
| 16:00 | Create | Villager (Male) |
| 16:13 | Build | Farm |
| 16:33 | Create | Villager (Male) |
| 16:33 | Create | Villager (Male) |
| 16:33 | Create | Villager (Male) |
| 16:45 | Build | Farm |
| 17:02 | Create | Villager (Male) |
| 17:06 | Build | Farm |
| 17:09 | Create | Villager (Male) |
| 17:14 | Create | Villager (Male) |
| 17:15 | Create | Villager (Male) |
| 17:22 | Create | Villager (Male) |
| 17:42 | Build | Town Center |
| 17:44 | Create | Villager (Male) |
| 17:47 | Create | Villager (Male) |
| 17:49 | Create | Villager (Male) |
| 17:54 | Build | Farm |
| 18:19 | Create | Villager (Male) |
| 18:26 | Build | Farm |
| 18:38 | Build | Farm |
| 18:44 | Build | Farm |
| 18:50 | Create | Villager (Male) |
| 18:51 | Create | Villager (Male) |
| 19:03 | Create | Villager (Male) |
| 19:03 | Create | Villager (Male) |
| 19:06 | Create | Villager (Male) |
| 19:11 | Build | Farm |
| 19:19 | Build | Farm |
| 19:21 | Create | Villager (Male) |
| 19:26 | Build | Farm |
| 19:29 | Build | Farm |
| 19:33 | Build | Farm |
| 19:38 | Create | Villager (Male) |
| 19:38 | Create | Villager (Male) |
| 19:38 | Create | Villager (Male) |
| 19:38 | Create | Villager (Male) |
| 19:48 | Build | Farm |
| 19:51 | Create | Villager (Male) |
| 19:51 | Create | Villager (Male) |
| 19:59 | Research | Horse Collar |
| 20:04 | Create | Villager (Male) |
| 20:11 | Build | Farm |
| 20:14 | Build | Farm |
| 20:22 | Create | Villager (Male) |
| 20:22 | Create | Villager (Male) |
| 20:22 | Create | Villager (Male) |
| 20:26 | Build | Farm |
| 20:31 | Build | Farm |
| 20:34 | Create | Villager (Male) |
| 20:34 | Create | Villager (Male) |
| 20:39 | Build | Farm |
| 20:48 | Build | Farm |
| 20:50 | Create | Villager (Male) |
| 20:58 | Build | House |
| 21:01 | Build | House |
| 21:13 | Create | Villager (Male) |
| 21:13 | Create | Villager (Male) |
| 21:13 | Create | Villager (Male) |
| 21:13 | Create | Villager (Male) |
| 21:22 | Build | Farm |
| 21:25 | Build | Farm |
| 21:36 | Build | Farm |
| 21:37 | Create | Villager (Male) |
| 21:37 | Create | Villager (Male) |
| 21:40 | Create | Villager (Male) |
| 21:45 | Build | Lumber Camp |
| 21:53 | Create | Villager (Male) |
| 22:00 | Create | Villager (Male) |
| 22:09 | Build | Farm |
| 22:18 | Build | Farm |
| 22:19 | Create | Villager (Male) |
| 22:20 | Create | Villager (Male) |
| 22:22 | Create | Villager (Male) |
| 22:34 | Build | Farm |
| 22:38 | Build | Farm |
| 22:45 | Build | House |
| 22:46 | Build | House |
| 22:47 | Build | House |
| 22:52 | Build | House |
| 23:06 | Build | Farm |
| 23:12 | Build | Mill |
| 23:14 | Build | Farm |
| 23:25 | Build | Farm |
| 23:30 | Build | Farm |
| 23:38 | Build | Farm |
| 23:45 | Build | Farm |
| 23:47 | Create | Villager (Male) |
Build order — sticx
First 150 of 395 actions detected
| 0:01 | Create | Villager (Male) |
| 0:01 | Create | Villager (Male) |
| 0:02 | Build | House |
| 0:04 | Build | House |
| 0:33 | Create | Villager (Male) |
| 0:59 | Create | Villager (Male) |
| 1:24 | Create | Villager (Male) |
| 1:51 | Build | Lumber Camp |
| 2:02 | Create | Villager (Male) |
| 2:13 | Create | Villager (Male) |
| 2:58 | Create | Villager (Male) |
| 3:00 | Build | House |
| 3:01 | Build | House |
| 3:03 | Create | Villager (Male) |
| 3:35 | Create | Villager (Male) |
| 3:53 | Create | Villager (Male) |
| 4:16 | Build | Mill |
| 4:36 | Create | Villager (Male) |
| 5:02 | Create | Villager (Male) |
| 5:20 | Create | Villager (Male) |
| 5:26 | Create | Villager (Male) |
| 5:51 | Create | Villager (Male) |
| 6:13 | Create | Villager (Male) |
| 6:44 | Create | Villager (Male) |
| 6:57 | Build | Mining Camp |
| 7:02 | Create | Villager (Male) |
| 7:07 | Create | Villager (Male) |
| 7:28 | Build | Farm |
| 8:02 | Build | Farm |
| 8:11 | Build | House |
| 8:18 | Research | Feudal Age |
| 9:43 | Create | Villager (Male) |
| 9:43 | Create | Villager (Male) |
| 10:33 | Age | Feudal Age |
| 10:34 | Build | Blacksmith |
| 10:38 | Build | Market |
| 11:17 | Build | Mining Camp |
| 11:24 | Research | Castle Age |
| 11:32 | Build | House |
| 11:33 | Build | Palisade Wall |
| 12:15 | Build | Farm |
| 12:24 | Build | Farm |
| 12:27 | Research | Double-Bit Axe |
| 13:00 | Research | Horse Collar |
| 13:06 | Create | Villager (Male) |
| 13:06 | Create | Villager (Male) |
| 14:04 | Age | Castle Age |
| 14:09 | Build | Town Center |
| 14:13 | Create | Villager (Male) |
| 14:59 | Research | Bow Saw |
| 15:08 | Build | Farm |
| 15:10 | Build | Farm |
| 15:18 | Build | Farm |
| 15:20 | Create | Villager (Male) |
| 15:41 | Create | Villager (Male) |
| 15:49 | Create | Villager (Male) |
| 15:52 | Create | Villager (Male) |
| 15:53 | Create | Villager (Male) |
| 16:20 | Create | Villager (Male) |
| 16:25 | Build | Town Center |
| 16:30 | Build | Farm |
| 16:39 | Create | Villager (Male) |
| 16:45 | Create | Villager (Male) |
| 16:45 | Create | Villager (Male) |
| 16:49 | Build | Farm |
| 16:53 | Build | Farm |
| 16:59 | Create | Villager (Male) |
| 16:59 | Create | Villager (Male) |
| 17:17 | Build | House |
| 17:18 | Build | House |
| 17:19 | Build | House |
| 17:27 | Create | Villager (Male) |
| 17:27 | Create | Villager (Male) |
| 17:39 | Build | Farm |
| 17:41 | Build | Farm |
| 17:59 | Build | Barracks |
| 18:01 | Create | Villager (Male) |
| 18:05 | Create | Villager (Male) |
| 18:16 | Create | Villager (Male) |
| 18:24 | Create | Villager (Male) |
| 18:37 | Create | Villager (Male) |
| 18:37 | Create | Villager (Male) |
| 18:44 | Build | Farm |
| 18:45 | Build | Farm |
| 18:45 | Build | Farm |
| 18:45 | Build | Farm |
| 18:57 | Create | Spearman |
| 18:57 | Create | Spearman |
| 19:03 | Create | Villager (Male) |
| 19:06 | Create | Villager (Male) |
| 19:10 | Build | Farm |
| 19:11 | Build | Farm |
| 19:15 | Build | Farm |
| 19:23 | Build | House |
| 19:31 | Create | Villager (Male) |
| 19:31 | Create | Villager (Male) |
| 19:31 | Create | Villager (Male) |
| 19:53 | Create | Spearman |
| 20:01 | Research | Scale Mail Armor |
| 20:08 | Create | Spearman |
| 20:09 | Create | Villager (Male) |
| 20:14 | Build | Farm |
| 20:15 | Build | Farm |
| 20:16 | Build | Mill |
| 20:17 | Build | Farm |
| 20:17 | Build | Farm |
| 20:29 | Build | Farm |
| 20:37 | Build | House |
| 20:38 | Build | House |
| 20:59 | Build | Castle |
| 21:05 | Create | Villager (Male) |
| 21:05 | Create | Villager (Male) |
| 21:05 | Create | Villager (Male) |
| 21:06 | Create | Villager (Male) |
| 21:07 | Create | Villager (Male) |
| 21:11 | Research | Forging |
| 21:16 | Research | Fletching |
| 21:16 | Research | Padded Archer Armor |
| 21:23 | Build | Farm |
| 21:24 | Build | Farm |
| 21:24 | Build | Farm |
| 21:24 | Build | Farm |
| 21:37 | Create | Villager (Male) |
| 21:37 | Create | Villager (Male) |
| 21:39 | Build | Farm |
| 21:39 | Build | Farm |
| 21:40 | Build | Farm |
| 21:40 | Build | Farm |
| 21:46 | Research | Loom |
| 21:59 | Build | House |
| 22:00 | Build | House |
| 22:04 | Create | Villager (Male) |
| 22:05 | Create | Villager (Male) |
| 22:05 | Create | Villager (Male) |
| 22:05 | Create | Villager (Male) |
| 22:05 | Create | Villager (Male) |
| 22:14 | Build | House |
| 22:28 | Create | Villager (Male) |
| 22:28 | Create | Villager (Male) |
| 22:30 | Create | Genoese Crossbowman |
| 22:38 | Build | Farm |
| 22:49 | Create | Villager (Male) |
| 22:50 | Create | Villager (Male) |
| 22:50 | Create | Villager (Male) |
| 22:50 | Create | Villager (Male) |
| 22:56 | Build | Mining Camp |
| 23:05 | Build | Outpost |
| 23:07 | Build | Outpost |
| 23:08 | Create | Villager (Male) |
| 23:10 | Research | Town Watch |
Build order — ageofscarlet
First 150 of 369 actions detected
| 0:00 | Create | Villager (Male) |
| 0:01 | Create | Villager (Male) |
| 0:01 | Create | Villager (Male) |
| 0:02 | Create | Villager (Male) |
| 0:03 | Build | House |
| 0:05 | Build | House |
| 1:54 | Create | Villager (Male) |
| 1:54 | Create | Villager (Male) |
| 2:02 | Build | Lumber Camp |
| 2:09 | Create | Villager (Male) |
| 2:09 | Create | Villager (Male) |
| 2:23 | Create | Villager (Male) |
| 2:58 | Create | Villager (Male) |
| 2:58 | Create | Villager (Male) |
| 3:33 | Create | Villager (Male) |
| 3:43 | Build | Mill |
| 3:49 | Create | Villager (Male) ×2 |
| 4:23 | Create | Villager (Male) |
| 4:23 | Create | Villager (Male) |
| 4:32 | Build | House |
| 5:14 | Create | Villager (Male) |
| 5:15 | Create | Villager (Male) |
| 5:15 | Create | Villager (Male) |
| 5:32 | Create | Villager (Male) |
| 5:33 | Create | Villager (Male) |
| 5:45 | Build | House |
| 5:56 | Build | House |
| 6:02 | Create | Villager (Male) |
| 6:38 | Create | Villager (Male) |
| 6:39 | Create | Villager (Male) |
| 6:39 | Create | Villager (Male) |
| 7:25 | Create | Villager (Male) |
| 7:29 | Create | Villager (Male) |
| 8:27 | Build | Mill |
| 8:48 | Build | Mining Camp |
| 8:54 | Research | Feudal Age |
| 10:27 | Create | Villager (Male) |
| 10:28 | Create | Villager (Male) |
| 11:11 | Age | Feudal Age |
| 11:20 | Research | Horse Collar |
| 11:21 | Research | Double-Bit Axe |
| 11:36 | Build | Farm |
| 11:36 | Build | Farm |
| 11:36 | Build | Farm |
| 11:38 | Build | Farm |
| 11:48 | Create | Villager (Male) |
| 12:01 | Build | Farm |
| 12:12 | Build | Blacksmith |
| 12:31 | Build | Market |
| 12:36 | Create | Villager (Male) |
| 12:36 | Create | Villager (Male) |
| 12:36 | Create | Villager (Male) |
| 12:42 | Build | Farm |
| 12:51 | Build | Farm |
| 12:56 | Build | Farm |
| 13:09 | Build | Farm |
| 13:18 | Build | Farm |
| 13:30 | Build | House |
| 13:36 | Build | House |
| 13:38 | Build | House |
| 13:40 | Build | House |
| 13:54 | Create | Villager (Male) |
| 14:12 | Build | Farm |
| 14:20 | Build | Farm |
| 14:27 | Create | Villager (Male) |
| 14:45 | Build | Farm |
| 14:59 | Build | Farm |
| 15:07 | Create | Villager (Male) |
| 15:17 | Build | House |
| 15:23 | Create | Villager (Male) |
| 15:37 | Build | Farm |
| 15:43 | Create | Villager (Male) |
| 15:52 | Build | House |
| 15:57 | Create | Villager (Male) |
| 16:12 | Research | Castle Age |
| 16:38 | Build | Barracks |
| 16:46 | Research | Loom |
| 16:46 | Create | Villager (Male) |
| 17:08 | Research | Fletching |
| 17:17 | Research | Gold Mining |
| 17:39 | Research | Padded Archer Armor |
| 19:02 | Age | Castle Age |
| 19:13 | Build | Town Center |
| 19:20 | Build | Town Center |
| 19:26 | Research | Bow Saw |
| 19:29 | Research | Heavy Plow |
| 19:41 | Build | Archery Range |
| 19:49 | Research | Bodkin Arrow |
| 19:50 | Research | Leather Archer Armor |
| 19:53 | Research | Wheelbarrow |
| 19:53 | Create | Villager (Male) |
| 20:21 | Create | Villager (Male) |
| 20:24 | Create | Villager (Male) |
| 20:36 | Build | Farm |
| 20:37 | Build | Farm |
| 20:39 | Build | Farm |
| 20:45 | Create | Villager (Male) |
| 20:47 | Create | Villager (Male) |
| 20:47 | Create | Villager (Male) |
| 20:51 | Create | Villager (Male) |
| 21:16 | Build | Mining Camp |
| 21:20 | Create | Archer |
| 21:23 | Create | Villager (Male) |
| 21:25 | Create | Villager (Male) |
| 21:27 | Create | Villager (Male) |
| 21:27 | Create | Villager (Male) |
| 21:37 | Build | Farm |
| 21:44 | Build | Farm |
| 21:48 | Create | Villager (Male) |
| 21:51 | Create | Villager (Male) |
| 22:00 | Create | Archer |
| 22:21 | Create | Fire Lancer |
| 22:22 | Create | Fire Lancer |
| 22:24 | Research | Squires |
| 22:25 | Create | Fire Lancer |
| 22:42 | Research | Crossbowman (upgrade) |
| 22:42 | Create | Archer |
| 22:54 | Create | Villager (Male) |
| 22:54 | Create | Villager (Male) |
| 23:00 | Create | Villager (Male) |
| 23:01 | Create | Villager (Male) |
| 23:04 | Create | Villager (Male) |
| 23:06 | Create | Villager (Male) |
| 23:08 | Create | Villager (Male) |
| 23:18 | Build | Farm |
| 23:19 | Build | Farm |
| 23:20 | Build | Farm |
| 23:23 | Build | Farm |
| 23:27 | Build | Farm |
| 23:31 | Create | Villager (Male) |
| 23:32 | Create | Villager (Male) |
| 23:33 | Create | Villager (Male) |
| 23:42 | Create | Archer |
| 23:47 | Create | Fire Lancer |
| 24:09 | Research | Scale Mail Armor |
| 24:12 | Create | Villager (Male) |
| 24:13 | Create | Villager (Male) |
| 24:14 | Create | Villager (Male) |
| 24:29 | Build | Mill |
| 24:32 | Build | Farm |
| 24:33 | Build | Farm |
| 24:33 | Build | Farm |
| 24:35 | Build | Farm |
| 24:36 | Build | Farm |
| 24:37 | Build | Farm |
| 24:38 | Build | Farm |
| 24:44 | Create | Villager (Male) |
| 24:45 | Create | Villager (Male) |
| 24:46 | Create | Villager (Male) |
| 24:46 | Create | Villager (Male) |
Build order — oZymandias
First 150 of 261 actions detected
| 0:31 | Research | Loom |
| 0:32 | Create | Villager (Male) ×4 |
| 2:21 | Create | Villager (Male) |
| 2:21 | Create | Villager (Male) |
| 2:42 | Create | Villager (Male) |
| 2:42 | Create | Villager (Male) |
| 2:56 | Create | Villager (Male) |
| 2:56 | Create | Villager (Male) |
| 3:21 | Create | Villager (Male) |
| 3:21 | Create | Villager (Male) |
| 3:34 | Build | Lumber Camp |
| 4:13 | Create | Villager (Male) |
| 4:13 | Create | Villager (Male) |
| 4:59 | Create | Villager (Male) |
| 4:59 | Create | Villager (Male) |
| 5:00 | Create | Villager (Male) |
| 5:52 | Create | Villager (Male) |
| 5:53 | Create | Villager (Male) |
| 6:14 | Create | Villager (Male) |
| 6:42 | Create | Villager (Male) |
| 7:10 | Create | Villager (Male) |
| 7:11 | Create | Villager (Male) |
| 7:18 | Build | Mill |
| 8:14 | Create | Villager (Male) |
| 8:50 | Research | Feudal Age |
| 8:51 | Research | Feudal Age |
| 9:04 | Build | Lumber Camp |
| 9:18 | Create | Villager (Male) |
| 9:18 | Create | Villager (Male) |
| 9:58 | Build | Barracks |
| 10:29 | Build | Mining Camp |
| 11:01 | Age | Feudal Age |
| 11:11 | Create | Spearman |
| 11:12 | Create | Spearman |
| 11:32 | Build | Archery Range |
| 11:37 | Create | Villager (Male) |
| 11:41 | Research | Horse Collar |
| 11:41 | Research | Horse Collar |
| 11:44 | Research | Double-Bit Axe |
| 11:44 | Research | Double-Bit Axe |
| 12:04 | Research | Town Watch |
| 12:04 | Research | Town Watch |
| 12:09 | Build | Farm |
| 12:10 | Build | Farm |
| 12:18 | Build | Mining Camp |
| 12:23 | Build | Farm |
| 12:25 | Create | Villager (Male) |
| 12:31 | Build | Farm |
| 12:37 | Create | Skirmisher |
| 12:49 | Build | Outpost |
| 12:53 | Create | Skirmisher |
| 12:56 | Create | Villager (Male) |
| 12:56 | Create | Villager (Male) |
| 13:14 | Build | Farm |
| 13:16 | Create | Villager (Male) |
| 13:17 | Create | Villager (Male) |
| 13:55 | Build | Farm |
| 13:57 | Create | Villager (Male) |
| 14:12 | Build | Outpost |
| 14:17 | Create | Villager (Male) |
| 14:18 | Create | Villager (Male) |
| 14:31 | Build | Farm |
| 14:33 | Create | Villager (Male) |
| 14:43 | Build | Market |
| 14:47 | Create | Villager (Male) |
| 14:55 | Build | Market |
| 15:00 | Build | Farm |
| 15:03 | Create | Villager (Male) |
| 15:08 | Create | Skirmisher |
| 15:14 | Build | Farm |
| 15:18 | Build | Farm |
| 15:20 | Create | Villager (Male) |
| 15:29 | Build | Outpost |
| 15:33 | Create | Skirmisher |
| 15:35 | Create | Villager (Male) |
| 15:44 | Build | Farm |
| 15:52 | Create | Villager (Male) |
| 16:02 | Build | Farm |
| 16:12 | Build | Farm |
| 16:16 | Build | Farm |
| 16:19 | Create | Villager (Male) |
| 16:40 | Create | Skirmisher |
| 16:52 | Build | Farm |
| 17:05 | Create | Spearman |
| 17:08 | Create | Villager (Male) |
| 17:20 | Create | Trade Cart |
| 17:58 | Build | Farm |
| 17:59 | Build | Farm |
| 18:02 | Create | Villager (Male) |
| 18:10 | Create | Villager (Male) |
| 18:19 | Create | Trade Cart |
| 18:57 | Build | Farm |
| 18:58 | Build | Farm |
| 18:59 | Build | Farm |
| 19:05 | Research | Castle Age |
| 19:05 | Research | Castle Age |
| 19:24 | Create | Villager (Male) |
| 19:30 | Create | Trade Cart |
| 19:30 | Create | Trade Cart |
| 19:35 | Create | Skirmisher |
| 19:37 | Create | Spearman |
| 19:47 | Build | Lumber Camp |
| 20:08 | Create | Villager (Male) |
| 20:10 | Create | Trade Cart |
| 21:25 | Create | Skirmisher |
| 21:45 | Age | Castle Age |
| 21:54 | Build | Town Center |
| 22:09 | Create | Trade Cart |
| 22:25 | Create | Trade Cart |
| 22:48 | Create | Villager (Male) |
| 22:49 | Create | Villager (Male) |
| 22:49 | Create | Villager (Male) |
| 22:58 | Build | Town Center |
| 23:04 | Create | Villager (Male) |
| 23:05 | Create | Villager (Male) |
| 23:07 | Create | Trade Cart |
| 23:16 | Research | Squires |
| 23:19 | Create | Skirmisher |
| 23:24 | Create | Villager (Male) |
| 23:33 | Create | Villager (Male) |
| 23:46 | Build | Farm |
| 23:49 | Create | Villager (Male) |
| 23:56 | Research | Pikeman (upgrade) |
| 24:01 | Create | Villager (Male) |
| 24:03 | Create | Villager (Male) |
| 24:15 | Build | Town Center |
| 24:20 | Create | Villager (Male) |
| 24:21 | Research | Wheelbarrow |
| 24:21 | Create | Villager (Male) |
| 24:25 | Create | Trade Cart |
| 24:31 | Create | Villager (Male) |
| 24:31 | Create | Villager (Male) |
| 24:38 | Create | Villager (Male) |
| 24:44 | Create | Villager (Male) |
| 25:02 | Create | Villager (Male) |
| 25:05 | Build | Farm |
| 25:18 | Create | Villager (Male) |
| 25:27 | Create | Villager (Male) |
| 25:30 | Build | Farm |
| 25:38 | Create | Villager (Male) |
| 25:51 | Create | Villager (Male) |
| 26:03 | Create | Trade Cart |
| 26:10 | Create | Villager (Male) |
| 26:15 | Create | Villager (Male) |
| 26:15 | Create | Villager (Male) |
| 26:16 | Create | Villager (Male) |
| 26:19 | Create | Trade Cart |
| 26:39 | Build | Blacksmith |
| 26:43 | Create | Villager (Male) |
| 26:43 | Create | Villager (Male) |
Match timeline
| 9:58 | oZymandias · first_building Barracks |
| 10:33 | sticx · age_up feudal |
| 10:38 | kappael02 · age_up feudal |
| 10:41 | Bittersweet_Ww · age_up feudal |
| 11:01 | oZymandias · age_up feudal |
| 11:11 | ageofscarlet · age_up feudal |
| 11:23 | Grimmothy Grams · age_up feudal |
| 11:32 | oZymandias · first_building Archery Range |
| 11:33 | sticx · wall_segment Palisade Wall x1 |
| 11:50 | Aqui es GG · age_up feudal |
| 12:36 | Mavch31 · first_building Barracks |
| 12:40 | Grimmothy Grams · first_market_buy 100 food |
| 14:04 | sticx · age_up castle |
| 14:25 | kappael02 · first_building Barracks |
| 14:32 | Grimmothy Grams · first_building Donjon |
| 15:01 | Mavch31 · age_up feudal |
| 15:22 | Mavch31 · first_building Archery Range |
| 15:22 | sticx · first_market_buy 100 food |
| 15:26 | Grimmothy Grams · first_market_sell 100 food |
| 15:32 | kappael02 · first_market_buy 100 wood |
| 15:40 | Grimmothy Grams · age_up castle |
| 15:41 | kappael02 · first_building Stable |
| 16:35 | Aqui es GG · age_up castle |
| 16:38 | Aqui es GG · first_building Monastery |
| 16:38 | ageofscarlet · first_building Barracks |
| 17:59 | sticx · first_building Barracks |
| 18:24 | Bittersweet_Ww · age_up castle |
| 19:02 | ageofscarlet · age_up castle |
| 19:08 | kappael02 · first_market_sell 100 stone |
| 19:41 | ageofscarlet · first_building Archery Range |
| 20:59 | sticx · first_building Castle |
| 21:01 | Mavch31 · age_up castle |
| 21:10 | Bittersweet_Ww · first_building Castle |
| 21:45 | oZymandias · age_up castle |
| 22:24 | kappael02 · age_up castle |
| 22:30 | oZymandias · first_market_buy 100 wood |
| 22:52 | oZymandias · first_market_sell 100 food |
| 24:03 | Aqui es GG · first_building Castle |
| 24:51 | kappael02 · first_building Castle |
| 25:27 | Grimmothy Grams · first_building Castle |
| 25:51 | Bittersweet_Ww · first_building Monastery |
| 26:15 | Grimmothy Grams · first_building Monastery |
| 26:47 | sticx · tribute_sent a jugador 1 |
| 26:47 | sticx · tribute_sent a jugador 2 |
| 26:47 | sticx · tribute_sent a jugador 3 |
| 26:47 | sticx · tribute_sent a jugador 4 |
| 26:47 | sticx · tribute_sent a jugador 6 |
| 26:47 | sticx · tribute_sent a jugador 7 |
| 26:47 | sticx · tribute_sent a jugador 8 |
| 27:14 | sticx · first_building Archery Range |
| 27:20 | Aqui es GG · first_building Barracks |
| 27:31 | oZymandias · first_building Castle |
| 27:52 | kappael02 · first_building Krepost |
| 28:04 | Grimmothy Grams · first_building Archery Range |
| 28:07 | sticx · first_building Siege Workshop |
| 28:13 | Bittersweet_Ww · first_building Barracks |
| 28:48 | ageofscarlet · first_building Monastery |
| 28:57 | oZymandias · first_building Siege Workshop |
| 29:13 | Bittersweet_Ww · first_building Stable |
| 29:45 | kappael02 · first_building Siege Workshop |
| 30:35 | sticx · age_up imperial |
| 31:04 | Aqui es GG · age_up imperial |
| 31:41 | Grimmothy Grams · first_building Stable |
| 31:59 | Grimmothy Grams · age_up imperial |
| 33:45 | Bittersweet_Ww · age_up imperial |
| 34:01 | Mavch31 · first_building Monastery |
| 34:13 | ageofscarlet · age_up imperial |
| 34:37 | Mavch31 · first_building Castle |
| 35:12 | kappael02 · age_up imperial |
| 35:54 | oZymandias · resign |
| 36:32 | Aqui es GG · first_building Siege Workshop |
| 36:54 | Mavch31 · first_building Siege Workshop |
| 38:09 | Mavch31 · age_up imperial |
| 39:59 | ageofscarlet · first_building Stable |
| 41:11 | ageofscarlet · first_market_sell 500 food |
| 41:29 | kappael02 · first_building Archery Range |
| 42:41 | ageofscarlet · first_building Castle |
| 44:40 | Grimmothy Grams · first_building Barracks |
| 45:21 | sticx · tribute_sent a jugador 1 |
| 45:21 | sticx · tribute_sent a jugador 2 |
| 45:21 | sticx · tribute_sent a jugador 3 |
| 45:21 | sticx · tribute_sent a jugador 4 |
| 45:21 | sticx · tribute_sent a jugador 6 |
| 45:21 | sticx · tribute_sent a jugador 7 |
| 45:21 | sticx · tribute_sent a jugador 8 |
| 46:42 | sticx · tribute_sent a jugador 1 |
| 46:42 | sticx · tribute_sent a jugador 2 |
| 46:42 | sticx · tribute_sent a jugador 3 |
| 46:42 | sticx · tribute_sent a jugador 4 |
| 46:42 | sticx · tribute_sent a jugador 6 |
| 46:42 | sticx · tribute_sent a jugador 7 |
| 46:42 | sticx · tribute_sent a jugador 8 |
| 46:49 | ageofscarlet · first_market_buy 100 stone |
| 48:24 | sticx · first_market_sell 500 wood |
| 49:50 | Bittersweet_Ww · first_market_sell 500 food |
[ AI ANALYSIS · 1 CREDIT ]
What really happened in this match?
Wolo.gg analyzes every decision: build order, eco, micro, common mistakes by bracket. Personalized analysis on WhatsApp or Discord in 30 seconds.
Civ guide
Tupi
Perfil
Jugador #358452